 Dungeon Crawl Stone Soup version 0.30.0-29-ga12c61a403 (webtiles) character file.

Game seed: 8375735891880972268

444 seaoflcl the Covered (level 6, -1/55 HPs)
             Began as a Minotaur Fighter on June 12, 2023.
             Was an Initiate of the Shining One.
             Splashed by a jelly's acid (3 damage)
             ... on level 4 of the Dungeon.
             The game lasted 00:03:19 (3327 turns).

seaoflcl the Covered (Minotaur Fighter)             Turns: 3327, Time: 00:03:19

Health: -1/55      AC: -4    Str: 22    XL:     6   Next: 72%
Magic:  5/5        EV:  9    Int:  5    God:    the Shining One [......]
Gold:   138        SH:  4    Dex: 10    Spells: 5/5 levels left

rFire   . . .        a - +0 war axe
rCold   . . .        c - +0 buckler
rNeg    . . .        b - +0 scale mail
rPois   .            (helmet restricted)
rElec   .            (no cloak)
rCorr   .            (no gloves)
SInv    .            (no boots)
Will    .....        (no amulet) Stlth
                     (no ring)
HPRegen 0.29/turn    (no ring)
MPRegen 0.09/turn

%: no passive effects
@: corroded, glowing
A: horns 2, retaliatory headbutt
a: Renounce Religion


You were on level 4 of the Dungeon.
You worshipped the Shining One.
The Shining One was noncommittal.
You visited 1 branch of the dungeon, and saw 4 of its levels.

You collected 138 gold pieces.

Inventory:

Hand Weapons
 a - a +0 war axe (weapon)
Missiles
 k - 8 poisoned darts (quivered)
Armour
 b - a +0 scale mail (worn)
 c - a +0 buckler (worn)
Wands
 n - a wand of digging (6)
 q - a wand of iceblast (11)
Scrolls
 f - 6 scrolls of identify {unknown}
 h - a scroll of enchant weapon {unknown}
 i - 3 scrolls of teleportation {unknown}
 m - a scroll of immolation {unknown}
 p - a scroll of blinking {unknown}
 s - 2 scrolls of poison {unknown}
 t - a scroll of fog {unknown}
 v - a scroll of amnesia {unknown}
Potions
 d - 2 potions of might
 e - a potion of lignification {unknown}
 g - 3 potions of flight {unknown}
 j - 2 potions of haste {unknown}
 l - 2 potions of degeneration {unknown}
 o - a potion of heal wounds {unknown}
 r - a potion of resistance {unknown}
 u - a potion of curing {unknown}


   Skills:
 + Level 4.8 Fighting
 * Level 5.1 Axes
 + Level 2.1 Throwing
 * Level 5.9 Armour
 + Level 4.7 Shields


You had 5 spell levels left.
You didn't know any spells.
Your spell library contained the following spells:

 Spells                   Type           Power      Damage    Failure   Level
 Poisonous Vapours        Pois/Air       0%         N/A       94%         2
 Mephitic Cloud           Conj/Pois/Air  0%         N/A       99%         3
 Freezing Cloud           Conj/Ice/Air   0%         6-21      100%        5


Dungeon Overview and Level Annotations

Branches:
Dungeon (4/15)
 Temple: D:4-7

Altars:
Dithmenos
Makhleb
Qazlal
Xom
The Shining One

Shops:
D:3 *

Annotations:
D:3 1 runed translucent door, Radiant's ghost, amateur HORe


Innate Abilities, Weirdness & Mutations

You have a pair of horns on your head.
You reflexively headbutt those who attack you in melee.


Message History

You hit the jelly.
Your hands burn!
You block the jelly's attack. The hound completely misses you.
You furiously retaliate!
You headbutt the hound, but do no damage.
The hound barely misses you. The jelly barely misses you.
You miss the hound.
The hound is almost dead.
You completely miss the jelly. The hound bites you. The jelly hits you.
You are splashed with acid!
The hound barely misses you.
You are too injured to fight recklessly!
You are too injured to fight recklessly!
You are too injured to fight recklessly!
You are too injured to fight recklessly!
You are too injured to fight recklessly!
You are too injured to fight recklessly!
You are too injured to fight recklessly!
You are too injured to fight recklessly!
You are too injured to fight recklessly!
You are too injured to fight recklessly!
You closely miss the hound.
The hound is almost dead.
You hit the jelly but do no damage.
Your hands burn!
The hound barely misses you. The jelly closely misses you.
You furiously retaliate!
You headbutt the jelly, but do no damage.
The hound barely misses you.
You hit the hound but do no damage.
The hound is almost dead.
You hit the jelly. The acid corrodes you!
Your hands burn!
The hound completely misses you. The jelly hits you.
You are splashed with acid!
* * * LOW HITPOINT WARNING * * *
The jelly hits you.
* * * LOW HITPOINT WARNING * * *
The acid corrodes you!
You are splashed with acid!
* * * LOW HITPOINT WARNING * * *
You block the hound's attack.
You hit the hound.
You kill the hound!
You hit the jelly.
Your hands burn!
You die...

##....# ...+ #.......#
......# ######### #
......####### #........ #
............# #........ #
............# #........ #
............# #........ #
............# +........
............####.J.>....
########........@†#
.......#..........#
...÷...#..........#
...÷...#..........#
######'#..........#######
.#......)#####'#....#...#
.#.......#.....#....'...#
.#.......#.....#....#...#
.#.......#.....#....#...#


You could see a jelly.

Vanquished Creatures
  A black bear (D:4)
  A phantom (D:4)
  A crimson imp (D:4)
  A jelly (D:4)
  A hound (D:4)
  An orc priest (D:3)
  An iguana (D:4)
  Jessica (D:2)
  4 adders
  3 dart slugs
  5 orcs (D:3)
  8 ball pythons
  11 endoplasms
  2 giant cockroaches (D:3)
  4 goblins
  7 hobgoblins
  2 jackals (D:3)
  4 quokkas
  5 bats
  4 frilled lizards
  A goblin skeleton (D:4)
  A goblin zombie (D:4)
  7 kobolds
  A kobold zombie (D:4)
  2 orc skeletons (D:4)
  An orc zombie (D:4)
  6 rats
86 creatures vanquished.

Notes
Turn   | Place    | Note
-------+----------+-------------------------------------------
     0 | D:1      | seaoflcl the Minotaur Fighter began the quest for the Orb.
     0 | D:1      | Reached XP level 1. HP: 19/19 MP: 0/0
   120 | D:1      | Reached XP level 2. HP: 27/27 MP: 1/1
   745 | D:1      | Reached XP level 3. HP: 31/33 MP: 2/2
   903 | D:2      | Noticed Jessica
   914 | D:2      | Killed Jessica
  1354 | D:2      | Reached XP level 4. HP: 40/40 MP: 3/3
  1615 | D:3      | Reached skill level 1 in Throwing
  1670 | D:3      | Found a shimmering altar of Xom.
  1772 | D:3      | Found a runed translucent door.
  1772 | D:3      | Noticed Radiant's ghost (amateur HORe)
  1904 | D:3      | Found Qagor's General Store.
  2075 | D:3      | Reached skill level 5 in Armour
  2128 | D:3      | Found a stormy altar of Qazlal.
  2159 | D:3      | Reached XP level 5. HP: 45/46 MP: 4/4
  2261 | D:3      | Found a burning altar of Makhleb.
  2261 | D:3      | Noticed a cacodemon
  2454 | D:4      | Found a shadowy altar of Dithmenos.
  2762 | D:4      | Noticed a black bear
  2769 | D:4      | Killed a black bear
  2770 | D:4      | Reached XP level 6. HP: 48/53 MP: 5/5
  2775 | D:4      | Found a glowing golden altar of the Shining One.
  2875 | D:4      | Became a worshipper of the Shining One
  3034 | D:4      | Reached skill level 5 in Axes
  3326 | D:4      | HP: 2/55 [acid (9)]
  3327 | D:4      | Splashed by a jelly's acid

Illustrated notes

Levels and vault maps discovered:
D:1:      mrwooster_arrival_statue_3, layout_basic
D:2:      layout_loops_cross, uniq_jessica
D:3:      layout_loops_ring, makhleb_altar_promises_db, lemuel_doored_altar,
          lemuel_tele_altar, gammafunk_ghost_grave, serial_shops, shop
D:4:      layout_gridville, nicolae_tso_besieged_by_evil,
          nicolae_dithmenos_through_a_glass_darkly

Skill      XL: |  1  2  3  4  5  6 |
---------------+-------------------+-----
Armour         | 4 5 |  5.9
Axes           | 3 4 5 |  5.1
Fighting       | 4 |  4.8
Shields        | 4 |  4.7
Throwing       | 1 2 |  2.1

Action                     |  1- 3 |  4- 6 || total
---------------------------+-------+-------++-------
  Melee: War axe           |    77 |   114 ||   191
         Headbutt          |     6 |    18 ||    24
 Armour: Scale mail        |    38 |    56 ||    94
  Dodge: Dodged            |    28 |    53 ||    81
  Block: Buckler           |    16 |    30 ||    46
